[Event "*** Titled Tuesday Blitz"]
[Site "Chess.com"]
[Date "2020.04.21"]
[Round "8"]
[White "Berant"]
[Black "FearNoEvil12"]
[Result "1-0"]
[WhiteElo "2318"]
[BlackElo "2031"]
[TimeControl "180+1"]
[EndTime "11:37:38 PDT"]
[Termination "Berant won on time"]

1. e4 a6 2. d4 b5 3. a4 b4 4. c3 Bb7 5. Bd3 e6 6. Nf3 Nf6 7. Qe2 bxc3 8. Nxc3 d6 9. O-O Nbd7 10. e5 Nd5 11. Nxd5 Bxd5 12. Bxa6 Be7 13. exd6 cxd6 14. Bd3 g5 15. a5 g4 16. Ne1 h5 17. Be4 Nf6 18. Bxd5 Nxd5 19. a6 Qb6 20. Bd2 g3 21.
fxg3 h4 22. g4 Qxd4+ 23. Qf2 Qxb2 24. Qxf7+ Kd7 25. Nf3 h3 26. Rab1 Qa2 27. Rb7+ Kd8 28. Qxe6 Ke8 29. Ne5 Qa4 30. Qxd5 hxg2 31. Rxe7+ Kxe7 32. Rf7+ 1-0

[Event "*** Titled Tuesday Blitz"]
[Site "Chess.com"]
[Date "2020.04.21"]
[Round "8"]
[White "Tashik"]
[Black "fridaywins"]
[Result "1-0"]
[WhiteElo "2552"]
[BlackElo "2318"]
[TimeControl "180+1"]
[EndTime "11:37:39 PDT"]
[Termination "Tashik won by resignation"]

1. c4 e5 2. Nc3 Bb4 3. Nd5 Be7 4. Nf3 c6 5. Nc3 e4 6. Nxe4 d5 7. cxd5 cxd5 8. Ng3 Nf6 9. e3 O-O 10. Be2 Nc6 11.
d4 h5 12. h3 g6 13. Bd3 Nb4 14. Bb1 Bd6 15. Ne5 h4 16. Ne2 Ne4 17. O-O Qe7 18. f4 Kg7 19. a3 Nc6 20. Nc3 Nxc3 21. bxc3 Bf5 22. Bxf5 gxf5 23. Qh5 Rh8 24. Qxf5 Rh6 25. Rb1 f6 26. Ng4 Rg6 27. Qxd5 Na5 28. Qxa5 1-0

[Event "*** Titled Tuesday Blitz"]
[Site "Chess.com"]
[Date "2020.04.21"]
[Round "8"]
[White "Shota_Azaladze"]
[Black "Sashadav97"]
[Result "1-0"]
[WhiteElo "2753"]
[BlackElo "2575"]
[TimeControl "180+1"]
[EndTime "11:37:48 PDT"]
[Termination "Shota_Azaladze won by resignation"]

1. Nf3 d5 2. g3 Bg4 3. Bg2 c6 4. O-O e6 5. d3 Bd6 6. c4 Nd7 7. Nc3 Ne7 8. Be3 O-O 9. Qb3 Qc8 10. Rac1 Nf5 11. cxd5 Nxe3 12. fxe3 exd5 13. e4 dxe4 14. Nxe4 Be7 15. d4 Nf6 16. Ne5 Be6 17. Qc2 Nxe4 18. Bxe4 f5 19. Bd3 Qd8 20. e3 g6 21. Bc4 Bd5 22.
Qb3 Bg5 23. Rc3 Bxc4 24. Qxc4+ Kg7 25. e4 fxe4 26. Rf7+ Rxf7 27. Qxf7+ Kh6 28. Kg2 Qc8 29. h3 Bd2 30. Ng4+ Kg5 31. Qf6+ 1-0

[Event "*** Titled Tuesday Blitz"]
[Site "Chess.com"]
[Date "2020.04.21"]
[Round "8"]
[White "dukicz123"]
[Black "adiosabu"]
[Result "1-0"]
[WhiteElo "2586"]
[BlackElo "2424"]
[TimeControl "180+1"]
[EndTime "11:37:48 PDT"]
[Termination "dukicz123 won by resignation"]

1. e4 c5 2. Nf3 Nc6 3. d4 cxd4 4. Nxd4 e5 5. Nb5 a6 6. Nd6+ Bxd6 7. Qxd6 Qe7 8. Qd1 Nf6 9. Nc3 d6 10. Bg5 Be6 11. Bxf6 Qxf6 12. Qxd6 Rd8 13. Qc5 Qg5 14. Bd3 Nd4 15. h4 Qxg2 16. O-O-O Qxf2 17. Qxe5 O-O 18. Kb1 f6 19. Qc7 Rd7 20. Qc5 Rfd8 21.
h5 Qf4 22. h6 g6 23. Bc4 Bxc4 24. Qxc4+ Kh8 25. Nd5 Rxd5 26. exd5 Ne6 27. dxe6 1-0

[Event "*** Titled Tuesday Blitz"]
[Site "Chess.com"]
[Date "2020.04.21"]
[Round "8"]
[White "AndrewMaco"]
[Black "2nd_life"]
[Result "1-0"]
[WhiteElo "2556"]
[BlackElo "2403"]
[TimeControl "180+1"]
[EndTime "11:37:49 PDT"]
[Termination "AndrewMaco won on time"]

1. e4 e5 2. Nf3 Nc6 3. Bb5 a6 4. Ba4 Nf6 5. O-O Be7 6. Re1 b5 7. Bb3 d6 8. c3 O-O 9. h3 Bb7 10. d4 Re8 11. Nbd2 Bf8 12. a3 h6 13. Bc2 a5 14. a4 b4 15. d5 bxc3 16. bxc3 Nb8 17. c4 Na6 18. Nb1 Nd7 19. Nc3 Nb4 20. Be3 c5 21.
Rc1 Nf6 22. Bb1 g6 23. Nb5 Bg7 24. Nd2 Nh5 25. Nf1 Nf4 26. Kh2 Bc8 27. Qd2 Qh4 28. f3 Rd8 29. Red1 Bxh3 30. gxh3 Qxh3+ 31. Kg1 Qxf3 32. Bxf4 exf4 33. Qf2 Qxf2+ 34. Kxf2 Be5 35. Nd2 Rd7 36. Nf3 f6 37. Bd3 g5 38. Be2 h5 39.
Nxe5 1-0

[Event "*** Titled Tuesday Blitz"]
[Site "Chess.com"]
[Date "2020.04.21"]
[Round "8"]
[White "AcsinteMatei"]
[Black "Tpros"]
[Result "0-1"]
[WhiteElo "2252"]
[BlackElo "2390"]
[TimeControl "180+1"]
[EndTime "11:37:51 PDT"]
[Termination "Tpros won on time"]

1. d4 Nf6 2. Bf4 d6 3. Nc3 d5 4.
e3 g6 5. h4 h6 6. Nf3 Bg4 7. Qd2 c6 8. Bd3 Nbd7 9. Ne5 Bf5 10.
g4 Nxg4 11. Bxf5 gxf5 12. O-O-O e6 13. f3 Ngxe5 14. dxe5 Qa5 15. e4 fxe4 16. fxe4 Bb4 17. exd5 cxd5 18. Rh3 Rc8 19. Rg1 Nb6 20. Qf2 Rxc3 21.
bxc3 Bxc3 22. Bd2 Na4 23. Bxc3 Nxc3 24. Qf6 Rf8 25. Rgg3 Qa3+ 26. Kd2 Ne4+ 27. Kd1 Qxa2 28. Qf3 Qb1+ 0-1

[Event "*** Titled Tuesday Blitz"]
[Site "Chess.com"]
[Date "2020.04.21"]
[Round "8"]
[White "tacticthunder"]
[Black "MasterKroket"]
[Result "1-0"]
[WhiteElo "2603"]
[BlackElo "2426"]
[TimeControl "180+1"]
[EndTime "11:37:52 PDT"]
[Termination "tacticthunder won by resignation"]

1. e4 c5 2. Nf3 e6 3. d4 cxd4 4. Nxd4 Nc6 5. Nc3 Qc7 6. Qd3 Nxd4 7. Qxd4 a6 8. Be3 b5 9. a4 b4 10. Na2 Nf6 11. Nxb4 a5 12. Na2 Qxc2 13. Bd3 Qb3 14. O-O Be7 15. Bc4 Qb7 16. e5 Ne4 17. Nc3 Nxc3 18.
bxc3 O-O 19. Bb5 Qc7 20. Rfd1 Rd8 21. Rac1 Bb7 22. Qb6 Qc8 23. c4 Bc6 24. Rd3 f6 25. exf6 Bxf6 26. Rcd1 Bxb5 27. cxb5 d5 28. Rc1 Qd7 29.
Rc7 Qd6 30. Qxd6 Rd7 31. Qxd7 1-0

[Event "*** Titled Tuesday Blitz"]
[Site "Chess.com"]
[Date "2020.04.21"]
[Round "8"]
[White "AshotParvanyan"]
[Black "Biranidun"]
[Result "0-1"]
[WhiteElo "2512"]
[BlackElo "2711"]
[TimeControl "180+1"]
[EndTime "11:37:53 PDT"]
[Termination "Biranidun won on time"]

1. Nf3 Nf6 2. c4 g6 3. Nc3 d5 4. cxd5 Nxd5 5. h4 Bg7 6. e4 Nxc3 7. dxc3 Qxd1+ 8. Kxd1 Nd7 9. Nd4 c5 10. Nb3 b6 11.
Kc2 Bb7 12. f3 O-O-O 13. a4 f5 14. exf5 gxf5 15. a5 Kc7 16. Bg5 h6 17. Be3 e5 18.
Bc4 f4 19. Bd2 Bf6 20. Rae1 Rh7 21. Re2 h5 22. Bc1 Bc6 23. axb6+ Nxb6 24. Be6 Bb5 25. Ree1 Rg7 26. Rh2 Bd3+ 27. Kd2 Bc4+ 0-1

[Event "*** Titled Tuesday Blitz"]
[Site "Chess.com"]
[Date "2020.04.21"]
[Round "8"]
[White "LucaBrasi1968"]
[Black "artichaud"]
[Result "0-1"]
[WhiteElo "2479"]
[BlackElo "2259"]
[TimeControl "180+1"]
[EndTime "11:37:55 PDT"]
[Termination "artichaud won by checkmate"]

1. e4 d5 2. exd5 Qxd5 3. Nc3 Qd6 4. g3 Nf6 5. Bg2 Bg4 6. Nge2 Nc6 7. O-O O-O-O 8. d3 e5 9. Be3 Qd7 10. Qd2 Bh3 11. Ne4 h5 12. Nxf6 gxf6 13. f4 h4 14. Nc3 hxg3 15. hxg3 Qg4 16. Qf2 Bd6 17. Ne4 Bxg2 18. Qxg2 f5 19. Ng5 Rdg8 20. Qf3 f6 21. Qxg4 fxg4 22. Ne4 Rh3 23. f5 Rgh8 24. Nf2 Rxg3# 0-1

[Event "*** Titled Tuesday Blitz"]
[Site "Chess.com"]
[Date "2020.04.21"]
[Round "8"]
[White "Firegrizzly"]
[Black "LizaSolovyova"]
[Result "0-1"]
[WhiteElo "2662"]
[BlackElo "2513"]
[TimeControl "180+1"]
[EndTime "11:37:56 PDT"]
[Termination "LizaSolovyova won by checkmate"]

1. d4 f5 2. Nf3 Nf6 3. g3 e6 4.
Bg2 Be7 5. O-O O-O 6. a4 a5 7.
c3 d6 8. Bg5 Ne4 9. Bc1 Nd7 10.
Nbd2 Ndf6 11. Nc4 Qe8 12. Ne1 Qh5 13. f3 d5 14. Ne5 Nd6 15. h4 Qe8 16. N1d3 b6 17.
Kf2 Ba6 18. Bf4 Rc8 19. b4 Bc4 20. bxa5 bxa5 21. Nc5 Nh5 22. Nxe6 Rf6 23. Ng5 Nxf4 24.
gxf4 h6 25. Rh1 c5 26. Rb1 cxd4 27. cxd4 Rb8 28. Qd2 Rb4 29. Rxb4 axb4 30. a5 Qa4 31. e4 fxe4 32. fxe4 b3 33. exd5 hxg5 34. hxg5 Rf5 35. Bh3 Ne4+ 36. Ke3 Nxd2 37. Bxf5 Bxd5 38. Rd1 Nc4+ 39.
Nxc4 Qxc4 40. Bd3 Qc3 41. g6 Bf6 42. Ke2 Bc4 43. Bxc4+ Qxc4+ 44. Ke3 Qc3+ 45. Ke4 Qxa5 46. Rc1 Qa8+ 47. d5 b2 48. Rd1 Qa4+ 49. Kf5 Qxd1 50.
Ke6 b1=Q 51. Kd6 Qxd5+ 52. Kc7 Qxg6 53. f5 Qgf7+ 54. Kc8 Qd8# 0-1

[Event "*** Titled Tuesday Blitz"]
[Site "Chess.com"]
[Date "2020.04.21"]
[Round "8"]
[White "cukin84"]
[Black "Oglob71"]
[Result "0-1"]
[WhiteElo "2120"]
[BlackElo "2420"]
[TimeControl "180+1"]
[EndTime "11:37:58 PDT"]
[Termination "Oglob71 won by resignation"]

1. e4 c5 2. Nc3 a6 3. f4 b5 4. Nf3 e6 5. d3 Bb7 6. g3 b4 7. Ne2 Nf6 8. Bg2 d5 9. e5 Nfd7 10. O-O Nc6 11. a3 a5 12. axb4 axb4 13. Rxa8 Qxa8 14.
c4 bxc3 15. bxc3 Be7 16. Be3 O-O 17. g4 d4 18. Bf2 dxc3 19. Nxc3 Nd4 20. Ne4 Nxf3+ 21.
Bxf3 Rd8 22. Qc2 Bd5 23. Qc3 h6 24. Ra1 Qc6 25. Ra7 Rc8 26. Qa5 Bf8 27. Ra6 Qb7 28.
Ra7 Qb1+ 29. Kg2 Nb6 30. Nc3 Bxf3+ 31. Kxf3 Qxd3+ 32. Kg2 Nc4 33. Qa6 Rd8 34. Qb7 Qxc3 35. Qxf7+ Kh8 36. Bxc5 Ne3+ 37. Bxe3 Qxe3 38. Rd7 Ra8 39.
Qxe6 Qxf4 40. Rf7 Qe4+ 41. Kh3 Ra3+ 42. Kh4 Qe1+ 43. Kh5 Rh3+ 44. Kg6 Qe4+ 45. Rf5 Qxg4+ 46. Kf7 Rf3 47. Rxf3 Qxf3+ 48. Ke8 Ba3 49. Qc4 Qf8+ 50. Kd7 Qe7+ 51. Kc8 Qxe5 0-1

[Event "*** Titled Tuesday Blitz"]
[Site "Chess.com"]
[Date "2020.04.21"]
[Round "8"]
[White "FairChess_on_YouTube"]
[Black "BilodeauA"]
[Result "1-0"]
[WhiteElo "3044"]
[BlackElo "2864"]
[TimeControl "180+1"]
[EndTime "11:38:00 PDT"]
[Termination "FairChess_on_YouTube won by resignation"]

1. Nf3 d5 2. g3 Nd7 3. d4 Nb6 4. Bg2 Bf5 5. O-O e6 6. Nbd2 Be7 7. c4 c6 8. Qb3 Qc8 9. a4 h6 10. a5 Nd7 11. cxd5 cxd5 12. e4 dxe4 13. Nh4 Bxh4 14. Nxe4 Be7 15. Bf4 Bxe4 16. Bxe4 Ngf6 17. Rfc1 Nc5 18. Rxc5 Bxc5 19. Bxb7 Qd7 20. dxc5 O-O 21. c6 Qe7 22. Bxa8 Rxa8 23. Qb7 Qe8 24.
c7 Rc8 25. Qxa7 e5 26. Re1 Nd7 27. Qb7 f6 28. Be3 Nf8 29. b4 Ne6 30. Rc1 Qd7 31. a6 Nd4 32. Bxd4 exd4 33. a7 1-0

[Event "*** Titled Tuesday Blitz"]
[Site "Chess.com"]
[Date "2020.04.21"]
[Round "8"]
[White "Infernal_XaM"]
[Black "Vaathi_Coming"]
[Result "1-0"]
[WhiteElo "2950"]
[BlackElo "2843"]
[TimeControl "180+1"]
[EndTime "11:38:00 PDT"]
[Termination "Infernal_XaM won by resignation"]

1. c4 Nf6 2. Nc3 e5 3. e3 Nc6 4. g4 h6 5. Bg2 g6 6. h3 Bg7 7. Nge2 O-O 8. O-O d6 9. d4 Bxg4 10. hxg4 Nxg4 11. f3 Nf6 12. d5 Ne7 13. e4 Nh5 14. f4 exf4 15. Nxf4 Nxf4 16. Bxf4 f5 17. Be3 Qd7 18. Bd4 c5 19. dxc6 bxc6 20. Bxg7 Kxg7 21. e5 Rad8 22. exd6 Qxd6 23. Qxd6 Rxd6 24. Rae1 Ng8 25.
c5 Rd2 26. Rf2 Rfd8 27. Re6 Rxf2 28. Kxf2 Rd2+ 29. Re2 Rxe2+ 30. Nxe2 Kf6 31. Bxc6 Ke5 32. b4 Ne7 33. Bg2 g5 34. b5 g4 35. Kg3 h5 36. b6 axb6 37. cxb6 Kd6 38. a4 Ng6 39. a5 h4+ 40. Kf2 h3 41. a6 hxg2 42. a7 f4 43.
a8=Q 1-0

[Event "*** Titled Tuesday Blitz"]
[Site "Chess.com"]
[Date "2020.04.21"]
[Round "8"]
[White "AlexandraBotez"]
[Black "imdarealist"]
[Result "0-1"]
[WhiteElo "2110"]
[BlackElo "2321"]
[TimeControl "180+1"]
[EndTime "11:38:00 PDT"]
[Termination "imdarealist won by resignation"]

1. d4 d5 2. c4 e6 3. cxd5 exd5 4. Nc3 c6 5. Bg5 Qxg5 6. e3 Qd8 7. Nf3 Nf6 8. Be2 Bd6 9. O-O O-O 10. a3 Bg4 11.
Qd2 Nbd7 12. h3 Bh5 13. b4 a6 14. Rfc1 Qe7 15. Ne1 Bxe2 16. Qxe2 Ne4 17. Nd1 Rfe8 18. Qf1 Nd2 19. Qd3 Ne4 20. Qf1 Nb6 21. Nb2 Nd2 22.
Qd3 Ndc4 23. Nd1 a5 24. bxa5 Rxa5 25. Nc2 Rea8 26. Rab1 Bxa3 27. Nxa3 Rxa3 28. Qf5 Qe6 29. Qf4 Qe7 30. Qg3 R3a6 31. Rc2 h6 32. Rcc1 Nd6 33. Qf4 Nbc4 34. Kh1 b5 35. Kg1 Ne4 36. Rb3 Qd6 37. Qf3 Ned2 0-1

[Event "*** Titled Tuesday Blitz"]
[Site "Chess.com"]
[Date "2020.04.21"]
[Round "8"]
[White "FROGGY64"]
[Black "MaxVavulin"]
[Result "0-1"]
[WhiteElo "2417"]
[BlackElo "2586"]
[TimeControl "180+1"]
[EndTime "11:38:01 PDT"]
[Termination "MaxVavulin won by resignation"]

1. d4 Nf6 2. Bg5 g6 3. Bxf6 exf6 4. c4 d5 5. Nc3 dxc4 6. e3 Bg7 7. Bxc4 f5 8. Nge2 O-O 9. O-O Nd7 10. Nf4 Nf6 11. Qb3 c6 12. h4 b5 13. Be2 a5 14. a3 a4 15. Qc2 Rb8 16. Bf3 Qd6 17. Na2 Bd7 18.
Nb4 Ne4 19. Bxe4 fxe4 20. Qxe4 Rfe8 21. Qf3 Rbc8 22. Rfd1 Bf5 23. Rac1 Be4 24. Qg3 Red8 25.
Na6 Bf5 26. Nc5 Rb8 27. h5 b4 28. hxg6 hxg6 29. Na6 bxa3 30. bxa3 Rb3 31. e4 Rxg3 0-1

[Event "*** Titled Tuesday Blitz"]
[Site "Chess.com"]
[Date "2020.04.21"]
[Round "8"]
[White "RATNAKARAN"]
[Black "BIG_Pirate"]
[Result "1-0"]
[WhiteElo "2582"]
[BlackElo "2405"]
[TimeControl "180+1"]
[EndTime "11:38:01 PDT"]
[Termination "RATNAKARAN won on time"]

1. e4 d5 2. exd5 Qxd5 3. Nc3 Qa5 4. Bc4 Nf6 5. d4 Nc6 6. Ne2 Bg4 7. f3 Bh5 8. g4 Bg6 9. h4 h5 10. g5 Nd7 11. Nf4 Bf5 12. Be3 e6 13. a3 O-O-O 14. Ne2 Bg6 15. d5 Nce5 16. b4 Nxc4 17. bxa5 Nxe3 18.
Qd2 Nxc2+ 19. Kf2 Bc5+ 20. Kg3 Be3 21. Qd1 Nxa1 22. Qxa1 exd5 23. Nxd5 Rhe8 24. Qc3 Bc5 25. Nef4 Bd6 26. Rc1 c6 27. Kg2 Nc5 28. Nxg6 fxg6 29. Nb4 Re2+ 30. Kf1 Rh2 31. a6 b6 32. Nxc6 Re8 33.
Nxa7+ Kb8 34. Nb5 Rh1+ 35. Kg2 Rxc1 36. Qxc1 Re2+ 37. Kg1 Be5 38. Qc4 Re1+ 39. Kf2 1-0

[Event "*** Titled Tuesday Blitz"]
[Site "Chess.com"]
[Date "2020.04.21"]
[Round "8"]
[White "Semen_Khanin"]
[Black "Batica1984"]
[Result "1-0"]
[WhiteElo "2654"]
[BlackElo "2760"]
[TimeControl "180+1"]
[EndTime "11:38:02 PDT"]
[Termination "Semen_Khanin won by resignation"]

1. e4 c5 2. Nf3 e6 3. d4 cxd4 4. Nxd4 Nc6 5. Nc3 Qc7 6. Be3 a6 7. Qf3 h5 8. Nxc6 bxc6 9. O-O-O Nf6 10. h3 Rb8 11. Bc4 d5 12. Bb3 Bd6 13. Rhe1 O-O 14. g4 Be5 15. g5 Bxc3 16. bxc3 Nxe4 17. Qxh5 Qa5 18. Bd4 Nxc3 19. Rd3 Ne4 20. Rg1 e5 21. g6 fxg6 22. Qxe5 Rb7 23. Rxg6 Nf6 24. Rdg3 Rff7 25.
Rxf6 Rxf6 26. Qxf6 Qe1+ 27. Kb2 1-0

[Event "*** Titled Tuesday Blitz"]
[Site "Chess.com"]
[Date "2020.04.21"]
[Round "8"]
[White "WhiteKnight2612"]
[Black "Jeffinho023"]
[Result "0-1"]
[WhiteElo "2624"]
[BlackElo "2500"]
[TimeControl "180+1"]
[EndTime "11:38:02 PDT"]
[Termination "Jeffinho023 won by checkmate"]

1. e4 e5 2. Nf3 Nf6 3. Nc3 Nc6 4. Bc4 Bc5 5. O-O d6 6. d3 h6 7. Na4 Bb6 8. Nxb6 axb6 9. a3 Bg4 10. h3 Be6 11.
Bxe6 fxe6 12. Be3 O-O 13. Nd2 Qe8 14. f4 exf4 15. Bxf4 e5 16. Be3 Qg6 17. Qe2 Nh5 18. Nf3 Ng3 19. Qd2 Nxf1 20. Rxf1 Rf7 21. Kh2 Raf8 22.
Nh4 Qe6 23. Nf5 Kh7 24. g4 g6 25. Bxh6 gxf5 26. Bxf8 f4 27. Qf2 Rxf8 28. g5 Kg7 29. h4 Rh8 30. Rg1 Kg6 31. Rg2 Ne7 32. c4 Kg7 33. Kg1 Ng6 34. c5 bxc5 35. b4 cxb4 36. Qc2 c6 37. Qa4 Nxh4 38. Qxb4 Nxg2 39.
Qxb7+ Qf7 40. Qxc6 Nh4 41. Qxd6 Ng6 42. d4 Qe7 43.
Qd5 Qxg5+ 44. Kf1 Rh1+ 45. Ke2 Rh2+ 46. Kd3 Qg3+ 47. Kc4 Rc2+ 48. Kb5 Qd3+ 49. Kb6 Qxd4+ 50. Qxd4 exd4 51. a4 d3 52. a5 d2 53. a6 d1=Q 54.
a7 Qb1+ 55. Ka6 Ra2# 0-1

[Event "*** Titled Tuesday Blitz"]
[Site "Chess.com"]
[Date "2020.04.21"]
[Round "8"]
[White "Cubitas"]
[Black "francyIM"]
[Result "1-0"]
[WhiteElo "2524"]
[BlackElo "2674"]
[TimeControl "180+1"]
[EndTime "11:38:03 PDT"]
[Termination "Cubitas won by checkmate"]

1. e4 e5 2. Nf3 Nc6 3. Bb5 a6 4. Ba4 d6 5. c3 Nf6 6. d4 Bd7 7.
O-O g6 8. Re1 Bg7 9. Nbd2 O-O 10. Nf1 Re8 11. Ng3 b5 12. Bb3 Bg4 13. h3 Bxf3 14.
Qxf3 exd4 15. Bg5 dxc3 16. Qxc3 Ne5 17. f4 Ned7 18. e5 dxe5 19. fxe5 Nxe5 20. Rxe5 Qd6 21. Rxe8+ Nxe8 22. Qf3 Bd4+ 23. Kh2 Nf6 24. Qxa8+ Kg7 25. Rf1 h6 26. Bxf6+ Bxf6 27. Qf3 h5 28. Kh1 Be5 29. Qxf7+ Kh6 30. Ne4 Qd3 31. Qf8+ Bg7 32. Qf4+ Kh7 33. Ng5+ Kh8 34. Re1 Qd8 35. Qf7 Be5 36. Qh7# 1-0

[Event "*** Titled Tuesday Blitz"]
[Site "Chess.com"]
[Date "2020.04.21"]
[Round "8"]
[White "PowerThinking2650"]
[Black "kleopl"]
[Result "0-1"]
[WhiteElo "2271"]
[BlackElo "2443"]
[TimeControl "180+1"]
[EndTime "11:38:03 PDT"]
[Termination "kleopl won on time"]

1. e4 d5 2. exd5 Qxd5 3. Nc3 Qd6 4. d4 Nf6 5. Nf3 c6 6. Ne5 Nbd7 7. f4 g6 8. Bc4 e6 9. O-O Bg7 10. Be3 O-O 11. Qf3 Nb6 12. Bd3 Nbd5 13. Bd2 Nb4 14.
Be3 Nxd3 15. Nxd3 Nd5 16. Ne4 Qd8 17. Bf2 b6 18. Rad1 Ba6 19. Rfe1 Rc8 20. Ne5 Qe7 21. c4 Nf6 22. Nxf6+ Bxf6 23. Nxc6 Qc7 24. Ne5 Bxc4 25. Rc1 Bxe5 26. fxe5 Qe7 27. Qf4 Rfe8 28. Bh4 Qf8 29. b3 Bd5 30. Bg5 Rxc1 31. Rxc1 Rc8 32. Rf1 Rc2 33.
Rf2 Rxf2 34. Kxf2 Qc8 35. Bh6 Qc2+ 36. Qd2 Qf5+ 37. Qf4 Qc2+ 38. Qd2 Qc7 39. h4 Qe7 40. Qf4 a5 41. Kg3 Qd8 42. Bg5 Qf8 43. h5 Qg7 0-1

[Event "*** Titled Tuesday Blitz"]
[Site "Chess.com"]
[Date "2020.04.21"]
[Round "8"]
[White "InitiatingASC"]
[Black "EvgenyRomanov"]
[Result "0-1"]
[WhiteElo "2465"]
[BlackElo "2631"]
[TimeControl "180+1"]
[EndTime "11:38:05 PDT"]
[Termination "EvgenyRomanov won by resignation"]

1. d4 d5 2. c4 dxc4 3. e3 b5 4.
a4 b4 5. Bxc4 e6 6. Nf3 Nf6 7.
O-O Be7 8. Nbd2 Bb7 9. Qb3 O-O 10. Ne5 Nbd7 11. Ndf3 c5 12. Rd1 Bd5 13. Bxd5 exd5 14. Nxd7 Qxd7 15. dxc5 Bxc5 16. Qd3 Rfe8 17. b3 Rad8 18. Bb2 Ne4 19. Rac1 Bb6 20. Bd4 Bxd4 21. Qxd4 Nc3 22. Rd2 Re4 23. Qd3 h6 24. Nd4 Rc8 25. f3 Ree8 26. Re1 Re5 27. Nc2 a5 28. Nd4 Rce8 29.
Kf2 g6 30. Nb5 Qc6 31. Nd4 Qc7 32. Nb5 Nxb5 33. Qxb5 d4 34. Qd3 dxe3+ 35. Rxe3 Rxe3 36. Qxe3 Rxe3 37. Kxe3 Qxh2 38. Rd8+ Kg7 39. Rd2 Qe5+ 40. Kf2 Qc3 0-1

[Event "*** Titled Tuesday Blitz"]
[Site "Chess.com"]
[Date "2020.04.21"]
[Round "8"]
[White "Playgood28"]
[Black "Morshynska"]
[Result "1-0"]
[WhiteElo "2176"]
[BlackElo "2082"]
[TimeControl "180+1"]
[EndTime "11:38:06 PDT"]
[Termination "Playgood28 won on time"]

1. d4 Nf6 2. c4 e6 3. Nc3 Bb4 4. Qc2 O-O 5. a3 Bxc3+ 6. Qxc3 b6 7. e3 Bb7 8. Nf3 d6 9. Be2 Ne4 10. Qc2 f5 11. b4 Nd7 12. O-O Rf6 13. d5 exd5 14. Bb2 Rg6 15. Rad1 dxc4 16. Bxc4+ Kh8 17. Bd5 Qc8 18. Bc6 Ndf6 19. Nd4 Rg5 20. Bxb7 Qxb7 21. f3 Re8 22. fxe4 Nxe4 23. Qc6 Qc8 24. Nxf5 Nf6 25. Nxg7 Rxe3 26. Bxf6 Rg6 27. Nf5+ Rxf6 28. Nxe3 1-0

[Event "*** Titled Tuesday Blitz"]
[Site "Chess.com"]
[Date "2020.04.21"]
[Round "8"]
[White "powermove"]
[Black "Sjakkerntobi"]
[Result "1-0"]
[WhiteElo "1620"]
[BlackElo "2172"]
[TimeControl "180+1"]
[EndTime "11:38:07 PDT"]
[Termination "powermove won by checkmate"]

1. Nf3 c5 2. c4 g6 3. g3 Bg7 4. Bg2 Nc6 5. O-O e6 6. Nc3 d6 7. a3 Nge7 8. Rb1 O-O 9. b4 b6 10. e3 Bb7 11. d4 Qd7 12. Qd3 cxd4 13. exd4 d5 14. c5 e5 15. b5 e4 16. bxc6 Bxc6 17.
Qd1 exf3 18. Bxf3 Nf5 19. Bg4 h5 20. Bxf5 Qxf5 21. cxb6 axb6 22. Rxb6 Rac8 23. a4 Bd7 24. Nb5 Qh3 25. Re1 Bg4 26. Qd3 Rfe8 27. Be3 Bf3 28. Qf1 Qg4 29. Nd6 Rcd8 30. Nxe8 Rxe8 31. Reb1 Be4 32.
Rb8 Qf3 33. Rxe8+ Kh7 34. Rxe4 Qxe4 35. a5 h4 36. a6 Qe7 37. Ra1 Qa7 38. Qb1 h3 39.
Qf1 Bxd4 40. Qxh3+ Kg7 41. Bxd4+ Qxd4 42. Qf1 Qa7 43. Ra2 d4 44. Qa1 f6 45. Rb2 Kh6 46. Rb7 Qc5 47. a7 d3 48. a8=Q d2 49. Qh8+ Kg5 50. Qh4+ Kf5 51. Qf4+ Ke6 52. Qaxf6+ Kd5 53. Q6e5+ Kc6 54. Rc7+ Kb5 55. Qxc5+ Ka6 56. Qfc4# 1-0

[Event "*** Titled Tuesday Blitz"]
[Site "Chess.com"]
[Date "2020.04.21"]
[Round "8"]
[White "ChesterF"]
[Black "Cecile-Haussernot"]
[Result "1-0"]
[WhiteElo "2529"]
[BlackElo "2344"]
[TimeControl "180+1"]
[EndTime "11:38:08 PDT"]
[Termination "ChesterF won by resignation"]

1. d4 Nf6 2. c4 e6 3. Nc3 Bb4 4. f3 O-O 5. e4 d5 6. e5 Nfd7 7. cxd5 exd5 8. a3 Bxc3+ 9. bxc3 c5 10. f4 Nc6 11. Nf3 c4 12. Be2 Na5 13. Be3 Nb3 14. Ra2 Qa5 15. Qc2 Nb6 16. Nd2 Bd7 17. Nxb3 cxb3 18. Qxb3 Na4 19. Bd2 b5 20. O-O Nb6 21. f5 Rac8 22. f6 Nc4 23. fxg7 Rfe8 24. Bg5 Re6 25.
Bd3 Nb6 26. Qc2 Qxc3 27. Bxh7+ Kxg7 28. Qxc3 Rxc3 29. Bf5 Re8 30. Raf2 Bxf5 31. Rxf5 Rc7 32. Bf6+ Kf8 33. Rh5 1-0

[Event "*** Titled Tuesday Blitz"]
[Site "Chess.com"]
[Date "2020.04.21"]
[Round "8"]
[White "SHIVACalypso"]
[Black "ehrenfeld"]
[Result "1-0"]
[WhiteElo "2237"]
[BlackElo "2423"]
[TimeControl "180+1"]
[EndTime "11:38:08 PDT"]
[Termination "SHIVACalypso won by resignation"]

1. Nf3 f5 2. c4 Nf6 3. g3 g6 4.
Bg2 Bg7 5. O-O O-O 6. Nc3 d6 7. d3 e5 8. Rb1 Nc6 9. b4 h6 10. b5 Ne7 11. a4 Be6 12. Nd2 Rb8 13. Ba3 b6 14. Qc2 g5 15. Rfc1 Qe8 16. a5 Qh5 17.
axb6 axb6 18. Nd5 Nexd5 19. cxd5 Bxd5 20. Qxc7 Bxg2 21. Kxg2 Qxe2 22. Nf1 Qxd3 23. Qxd6 Qe4+ 24. Kg1 Rfd8 25. Qe6+ Kh8 26. Be7 Re8 27. Qd6 Rb7 28. Bxf6 f4 29. Bxg7+ Kxg7 30. Rc7+ Rxc7 31. Qxc7+ Kg6 32.
Qc6+ Qxc6 33. bxc6 Rc8 34. Rxb6 Kf5 35. Nd2 g4 36.
Nc4 f3 37. Nd6+ 1-0

[Event "*** Titled Tuesday Blitz"]
[Site "Chess.com"]
[Date "2020.04.21"]
[Round "8"]
[White "miljanboro"]
[Black "AlanZhang"]
[Result "1-0"]
[WhiteElo "2409"]
[BlackElo "2157"]
[TimeControl "180+1"]
[EndTime "11:38:08 PDT"]
[Termination "miljanboro won by checkmate"]

1. Nf3 d5 2. e3 Nf6 3. c4 e6 4. d4 b6 5. b3 Bb7 6. Bb2 Be7 7. Bd3 O-O 8. O-O c5 9. cxd5 exd5 10. Nc3 Nc6 11. Rc1 Nb4 12. Bb1 Ne4 13. Ne5 Bf6 14. a3 Na6 15. f4 Nc7 16. Kh1 Bxe5 17. fxe5 Ne6 18. Nb5 Qh4 19. Bxe4 dxe4 20. Nd6 Ba6 21. Rf5 cxd4 22. exd4 e3 23. Qf3 Nxd4 24. Bxd4 Qxd4 25. Rg5 Qd2 26. Rg1 e2 27. Qf6 Qxg5 28. Qxg5 Rad8 29. Nf5 g6 30. Ne7+ Kg7 31.
Qf6+ Kh6 32. Nf5+ Kh5 33. g4# 1-0

[Event "*** Titled Tuesday Blitz"]
[Site "Chess.com"]
[Date "2020.04.21"]
[Round "8"]
[White "1g41-0"]
[Black "woodhy"]
[Result "1-0"]
[WhiteElo "2438"]
[BlackElo "2289"]
[TimeControl "180+1"]
[EndTime "11:38:09 PDT"]
[Termination "1g41-0 won by checkmate"]

1. e4 e6 2. d4 d5 3. Nc3 Bb4 4. e5 c5 5. a3 Bxc3+ 6. bxc3 Ne7 7. Qg4 Qc7 8. Qxg7 Rg8 9. Qxh7 cxd4 10. Ne2 Nbc6 11. f4 Bd7 12. Qd3 dxc3 13. h4 O-O-O 14. h5 a6 15. Qxc3 Nf5 16. h6 Rg6 17. h7 Rh8 18. Rb1 Rg7 19. Be3 Nxe3 20. Qxe3 Rgxh7 21. Rxh7 Rxh7 22. Kf2 Qa5 23. Rb3 Qa4 24. Qb6 Na5 25. Rb4 Qxa3 26. Qc5+ Nc6 27. Qf8+ Nd8 28. Rc4+ dxc4 29.
Qxa3 Nc6 30. Qc5 b5 31. Nd4 Kb7 32. Nxc6 Bxc6 33. Be2 Rh4 34. Bf3 Rxf4 35. Qxc6+ Kb8 36.
Qb7# 1-0

[Event "*** Titled Tuesday Blitz"]
[Site "Chess.com"]
[Date "2020.04.21"]
[Round "8"]
[White "Efremov_Vlad"]
[Black "RodinMihail"]
[Result "0-1"]
[WhiteElo "2121"]
[BlackElo "2354"]
[TimeControl "180+1"]
[EndTime "11:38:09 PDT"]
[Termination "RodinMihail won by resignation"]

1. c4 e6 2. d4 d5 3. Nf3 Nf6 4.
Nc3 c6 5. Bg5 dxc4 6. e4 b5 7.
e5 h6 8. Bh4 g5 9. Nxg5 hxg5 10. Bxg5 Nbd7 11. Qf3 Qb6 12. Bxf6 Nxf6 13. Qxf6 Rg8 14.
Rd1 Bb7 15. Ne4 Bb4+ 16. Nc3 Be7 17. Qf4 Rf8 18. Be2 O-O-O 19. O-O f5 20. exf6 Bxf6 21. Qg4 Rfe8 22. a4 a6 23. Qh3 Bxd4 24. Bg4 c5 25. axb5 axb5 26. Ne2 Bf6 27. Nf4 Rh8 28. Bxe6+ Kb8 29.
Qg3 Be5 30. Bg4 Rdf8 31. Nd5 Bxg3 32. Nxb6 Bxh2+ 33. Kh1 Bc7+ 34. Kg1 Bxb6 35. Rd6 Bc7 36. Rd7 Bc8 37. Rg7 Bh2+ 38. Kh1 Be5+ 0-1